 Seeded DCSS version 0.29.1-15-g9cfb28693d (webtiles) character file.

Game seed: 8848703615492432762 (custom seed)

45699 Psyclone the Thaumaturge (level 14, -3/88 HPs)
             Began as a Deep Elf Conjurer on Sept 24, 2023.
             Was an Initiate of Ashenzari.
             Slain by a black mamba (12 damage)
             ... on level 4 of the Lair of Beasts.
             The game lasted 01:23:32 (20888 turns).

Psyclone the Thaumaturge (Deep Elf Conjurer)       Turns: 20888, Time: 01:23:32

Health: -3/88      AC:  7    Str:  4    XL:     14   Next: 2%
Magic:  36/44      EV: 14    Int: 29    God:    Ashenzari [......]
Gold:   818        SH: 13    Dex: 13    Spells: 21/43 levels left

rFire   + + +      SeeInvis .   a - staff of conjuration
rCold   + + +      Faith    .   B - +2 shield of Resistance {rF++ rC++ Will++, Self, Fort} (curse)
rNeg    . . .      Spirit   .   J - +2 robe {rC+}
rPois   .          Reflect  .   (no helmet)
rElec   .          Harm     .   w - +0 cloak
rCorr   .          Rampage  .   U - +0 pair of gloves
Will    +++..                   z - +0 pair of boots
Stlth   ++........              S - amulet of magic regeneration
HPRegen 0.24/turn               y - ring of magical power
MPRegen 0.69/turn               t - ring of protection from fire

@: no status effects
A: no striking features
a: Renounce Religion, Curse Item, Shatter the Chains


You were on level 4 of the Lair of Beasts.
You worshipped Ashenzari.
Ashenzari was noncommittal.
You visited 4 branches of the dungeon, and saw 18 of its levels.
You also visited: Ossuary.

You collected 1466 gold pieces.
You spent 648 gold pieces at shops.

Inventory:

Hand Weapons
 b - a +4 dagger
 g - a +0 dagger of electrocution
Armour
 w - a +0 cloak (worn)
 z - a +0 pair of boots (worn)
 B - the cursed +2 shield of Resistance (worn) {rF++ rC++ Will++, Self, Fort}
   (You acquired it on level 10 of the Dungeon)

   rF:        It greatly protects you from fire.
   rC:        It greatly protects you from cold.
   Will:      It greatly increases your willpower.
   It has a curse which improves the following skills: Introspection: Fighting
   and Spellcasting.
   Fortitude: Armour and Shields.
 D - the +3 buckler "Nuoreas" {+Inv Regen+ Str-3 Int+6}
   (You acquired it in an ossuary)

   Str:       It affects your strength (-3).
   Int:       It affects your intelligence (+6).
   +Inv:      It lets you turn invisible.
   Regen:     It increases your rate of health regeneration.
 J - a +2 robe of cold resistance (worn)
 T - a +2 robe of willpower
 U - a +0 pair of gloves (worn)
Magical Staves
 a - a staff of conjuration (weapon)
Jewellery
 t - a ring of protection from fire (right hand)
 y - a ring of magical power (left hand)
 R - a ring of resist corrosion
 S - an amulet of magic regeneration (around neck)
Wands
 m - a wand of polymorph (18)
 v - a wand of roots (8)
 F - a wand of paralysis (6)
 Q - a wand of mindburst (12)
 V - a wand of light (5)
Scrolls
 c - 12 scrolls of teleportation {unknown}
 e - 5 scrolls of noise {unknown}
 f - a scroll of immolation {unknown}
 j - 3 scrolls of silence {unknown}
 k - 3 scrolls of enchant armour {unknown}
 l - 2 scrolls of summoning {unknown}
 q - 3 scrolls of enchant weapon {unknown}
 r - 5 scrolls of poison {unknown}
 s - 3 scrolls of identify {@r1}
 u - a scroll of amnesia {unknown}
 x - 2 scrolls of torment {unknown}
 C - 3 scrolls of fog {unknown}
 G - a scroll of vulnerability {unknown}
 H - 4 scrolls of blinking
 N - 4 scrolls of fear
Potions
 d - 3 potions of berserk rage {unknown}
 h - 5 potions of curing
 i - 2 potions of brilliance {unknown}
 n - 4 potions of cancellation {unknown}
 o - a potion of heal wounds
 p - 8 potions of might {unknown}
 A - a potion of invisibility {unknown}
 E - a potion of flight {unknown}
 I - a potion of ambrosia {unknown}
 K - 2 potions of lignification
 L - a potion of resistance
 M - 2 potions of mutation
 O - 2 potions of magic
 P - 3 potions of haste {unknown}


   Skills:
 - Level 10.0(10.4) Fighting
 - Level 8.0 Dodging
 - Level 2.4 Stealth
 - Level 9.5(10.0) Shields
 - Level 14.6(15.0) Spellcasting
 + Level 10.3 Conjurations
 - Level 10.0 Hexes
 - Level 5.0 Translocations
 - Level 8.4 Fire Magic


You had 21 spell levels left.
You knew the following spells:

 Your Spells              Type           Power      Damage    Failure   Level
a - Magic Dart            Conj           100%       1d8       1%          1
b - Searing Ray           Conj           100%       2d8       1%          2
c - Scorch                Fire           100%       2d10      1%          2
d - Fulminant Prism       Conj/Hex       44%        3d20      1%          4
e - Flame Wave            Conj/Fire      85%        2d18      1%          4
f - Inner Flame           Hex/Fire       66%        N/A       1%          3
g - Sticky Flame          Conj/Fire      85%        2d10      1%          4
q - Blink                 Tloc           100%       N/A       1%          2

Your spell library contained the following spells:

 Spells                   Type           Power      Damage    Failure   Level
 Apportation              Tloc           100%       N/A       1%          1
 Static Discharge         Conj/Air       67%        3-12/arc  1%          2
 Dazzling Flash           Conj/Hex       100%       N/A       1%          3
 Lesser Beckoning         Tloc           50%        N/A       1%          3
 Cause Fear               Hex            34%        N/A       1%          4
 Iskenderun's Mystic Bla  Conj/Tloc      78%        2d16      1%          4
 Mephitic Cloud           Conj/Pois/Air  58%        N/A       3%          3
 Anguish                  Hex/Necr       25%        N/A       6%          4
 Call Imp                 Summ           21%        N/A       8%          2
 Sublimation of Blood     Necr           21%        N/A       8%          2
 Frozen Ramparts          Ice            42%        1d7       14%         3
 Manifold Assault         Tloc           50%        N/A       17%         5
 Animate Dead             Necr           21%        N/A       43%         4
 Dispel Undead            Necr           21%        3d11      43%         4
 Ice Form                 Ice/Tmut       21%        N/A       43%         4
 Summon Ice Beast         Ice/Summ       21%        N/A       43%         4
 Alistair's Intoxication  Tmut/Pois      14%        N/A       80%         5
 Discord                  Hex            34%        N/A       99%         8
 Summon Cactus Giant      Summ           10%        N/A       100%        6
 Borgnjor's Revivificati  Necr           10%        N/A       100%        8


Dungeon Overview and Level Annotations

Branches:
Dungeon (11/15) Zot: 25020  Temple (1/1) D:4 Zot: 5851    Lair (4/5) D:8 Zot: 22042
    Orc (2/2) D:11 Zot: 9566     Elf (0/3) Orc:2       Ossuary (visited)
  Swamp: Lair:2-3    Shoals: Lair:2-3     Snake: Lair:2-3    Spider: Lair:2-3
  Slime: Lair:4-5

Altars:
Ashenzari
Cheibriados
Dithmenos
Elyvilon
Fedhas
Gozag
Hepliaklqana
Kikubaaqudgha
Makhleb
Nemelex Xobeh
Okawaru
Qazlal
Ru
Sif Muna
Trog
Uskayaw
Vehumet
Wu Jian
Xom
Yredelemnul
Zin
The Shining One

Shops:
D:4 !   D:8 [??   D:10 =   Orc:2 ([*=

Annotations:
D:9 4 transporters


Message History

You block the bullfrog's attack. The black mamba misses you.
The cane toad stings you but does no damage.
You now have 36/44 mp.
The cane toad attacks as you move away! The cane toad stings you!
You block the black mamba's attack. The black mamba bites you!
* * * LOW HITPOINT WARNING * * *
You are poisoned.
The black mamba poisons you!
The komodo dragon bites your fulminant prism!!
Your fulminant prism crackles loudly.
You take 28 damage, and have 21/88 hp.
MASSIVE DAMAGE!!
The cane toad attacks as you move away! You block the cane toad's attack.
The black mamba attacks as you move away!
You block the black mamba's attack.
You feel very sick. You block the black mamba's attack.
Your fulminant prism explodes!
The blast of energy engulfs the fungus!!
The fungus begins to die.
The fungus is lightly damaged.
The blast of energy engulfs the komodo dragon!
The komodo dragon is moderately wounded.
The blast of energy engulfs the bullfrog!!
You kill the bullfrog!
The blast of energy engulfs the fungus!!!
The fungus begins to die.
The fungus is lightly damaged.
The blast of energy engulfs the cane toad!!
The cane toad is heavily wounded.
The blast of energy engulfs the black mamba!!
The black mamba is heavily wounded.
You take 3 damage, and have 18/88 hp.
It was a potion of curing.
You feel better. The black mamba misses you. You block the cane toad's attack.
The black mamba bites you!
* * * LOW HITPOINT WARNING * * *
You take 9 damage, and have 9/88 hp.
Casting: Fulminant Prism (mildly dangerous; 1% risk of failure)
Confirm with . or Enter, or press ? or * to list all spells.
You blink.
You block the black mamba's attack. The black mamba bites you!
You die...

.......# ......##
#......## #.......#
#.... #......##.....
#......#...........
#......#........... #
#..§F@#...........
.P.##..S....##.......
!...PP†l....#.#......
..#.....(....#.......
...#..............#
.......)........##
............#<....#
......?....P..........
...................S.


You could see a komodo dragon, a black mamba and a cane toad.

Vanquished Creatures
  Gastronok (D:11)
  An orc warlord (Orc:2)
  An ettin (Orc:2)
  Snorg (Orc:2)
  A boulder beetle (Orc:2)
  Erolcha (D:10)
  A two-headed ogre (D:10)
  4 orc high priests (Orc:2)
  Nergalle (Lair:1)
  Sonja (Lair:4)
  6 orc knights
  6 orc sorcerers
  3 oklob plants (D:8)
  2 cyclopes (D:11)
  4 elephants (Lair:1)
  The ghost of Hrothgar the Chopper, a novice MiFi of Xom (D:5)
  A gargoyle (D:11)
  2 black mambas
  Maggie (D:9)
  6 cane toads
  An unseen horror (D:10)
  Psyche (D:8)
  2 komodo dragons
  4 rime drakes
  5 trolls
  2 polar bears
  3 blink frogs (Lair:3)
  Grinder (D:5)
  A wraith (D:9)
  A wyvern (D:10)
  3 shadows
  17 yaks
  Eustachio (D:5)
  A steam dragon (D:9)
  Menkaure (Ossuary)
  12 vampire mosquitoes
  2 wargs (Orc:1)
  A two-headed ogre zombie (D:11)
  Edmund (D:5)
  7 water moccasins
  An acid dragon (D:11)
  A floating eye (D:8)
  An ice beast (D:7)
  2 sky beasts
  3 black bears
  30 orc warriors
  3 wolves (Lair:3)
  12 ogres
  3 centaurs
  2 phantoms (D:11)
  4 kobold brigands
  Blork the orc (D:6)
  9 bullfrogs
  5 scorpions
  5 necrophages
  3 gnoll sergeants
  4 wights (D:9)
  3 killer bees (D:9)
  A troll zombie (D:11)
  An electric eel (D:8)
  4 howler monkeys
  14 orc priests
  4 hounds
  3 jellies
  2 gnoll boudas
  Natasha (thrice) (D:2)
  4 iguanas
  22 orc wizards
  6 ogre zombies (D:11)
  3 mummies (Ossuary)
  7 adders
  27 gnolls
  3 white imps
  2 ufetubi
  5 worms
  4 dart slugs
  50 orcs
  8 ball pythons
  7 endoplasms
  3 giant cockroaches
  4 gnoll zombies (Ossuary)
  8 goblins
  8 hobgoblins
  4 jackals
  4 quokkas
  6 bats
  3 frilled lizards
  2 gnoll skeletons (Ossuary)
  6 goblin skeletons
  10 goblin zombies
  11 hobgoblin skeletons
  3 hobgoblin zombies
  25 kobolds
  3 kobold skeletons (Ossuary)
  4 kobold zombies (Ossuary)
  An orc skeleton (Ossuary)
  19 orc zombies
  7 rats
  5 rat skeletons (Ossuary)
  7 rat zombies (Ossuary)
  A bush (D:8)
  A fulminant prism (Orc:2)
529 creatures vanquished.

Vanquished Creatures (others)
  A kobold (D:8)
  6 bushes (D:5)
  271 fulminant prisms
  28 fungi
  27 plants
333 creatures vanquished.

Grand Total: 862 creatures vanquished

Notes
Turn   | Place    | Note
-------+----------+-------------------------------------------
     0 | D:1      | Psyclone the Deep Elf Conjurer began the quest for the Orb.
     0 | D:1      | Reached XP level 1. HP: 10/10 MP: 6/6
   339 | D:1      | Reached XP level 2. HP: 15/15 MP: 5/8
   481 | D:1      | Learned a level 2 spell: Searing Ray
   616 | D:1      | Reached skill level 5 in Conjurations
   841 | D:1      | Reached XP level 3. HP: 19/19 MP: 7/10
  1237 | D:2      | Got the Catalogue of Evil and the Blaze
  1414 | D:2      | Reached skill level 4 in Spellcasting
  1596 | D:2      | Reached XP level 4. HP: 24/24 MP: 7/12
  1810 | D:2      | Noticed Natasha
  1815 | D:2      | Killed Natasha
  1964 | D:2      | Noticed Natasha
  1967 | D:2      | Killed Natasha
  1968 | D:2      | Reached XP level 5. HP: 28/28 MP: 9/14
  2040 | D:2      | Noticed Natasha
  2098 | D:2      | Killed Natasha
  2377 | D:2      | Learned a level 4 spell: Fulminant Prism
  2380 | D:2      | Learned a level 2 spell: Scorch
  2534 | D:3      | Reached skill level 5 in Spellcasting
  2588 | D:3      | Noticed a black bear
  2598 | D:3      | Killed a black bear
  2599 | D:3      | Reached XP level 6. HP: 32/32 MP: 7/16
  3373 | D:3      | Learned a level 2 spell: Blink
  3378 | D:3      | Learned a level 4 spell: Flame Wave
  3577 | D:4      | Found Sohani Liatt's Distillery.
  3647 | D:4      | Reached skill level 1 in Hexes
  3672 | D:4      | Found a staircase to the Ecumenical Temple.
  3688 | Temple   | Entered the Ecumenical Temple
  4199 | D:4      | Found a hazy altar of Hepliaklqana.
  4200 | D:4      | Found a shimmering altar of Xom.
  4200 | D:4      | Noticed a will-o-the-wisp
  4201 | D:4      | Noticed a spectral ugly thing
  4201 | D:4      | Noticed a will-o-the-wisp
  4415 | D:5      | Entered Level 5 of the Dungeon
  4415 | D:5      | Noticed Grinder
  4415 | D:5      | Noticed a water moccasin
  4419 | D:5      | Killed a water moccasin
  4420 | D:5      | Reached skill level 6 in Spellcasting
  4420 | D:5      | Reached skill level 1 in Fire Magic
  4420 | D:5      | Reached XP level 7. HP: 36/36 MP: 5/18
  4420 | D:5      | Killed Grinder
  4421 | D:5      | Reached skill level 5 in Hexes
  4580 | D:5      | Noticed Edmund
  4588 | D:5      | Killed Edmund
  4775 | D:5      | Reached XP level 8. HP: 41/41 MP: 13/19
  5115 | D:5      | Noticed Eustachio
  5119 | D:5      | Killed Eustachio
  5120 | D:5      | Reached skill level 7 in Spellcasting
  5456 | D:5      | Reached skill level 8 in Spellcasting
  5546 | D:5      | Reached skill level 1 in Translocations
  5633 | D:5      | Found a runed translucent gate.
  5634 | D:5      | Found a runed translucent gate.
  5634 | D:5      | Noticed Hrothgar's ghost (novice MiFi)
  5635 | D:5      | Found a runed translucent gate.
  5717 | D:5      | Killed Hrothgar's ghost
  6605 | D:6      | Reached XP level 9. HP: 45/45 MP: 23/23
  6832 | D:6      | Reached XP level 10. HP: 36/67 MP: 24/24
  6850 | D:6      | Reached skill level 10 in Fighting
  6850 | D:6      | Reached skill level 9 in Spellcasting
  6850 | D:6      | Reached XP level 11. HP: 43/72 MP: 20/26
  7028 | D:6      | Noticed Blork the orc
  7036 | D:6      | Killed Blork the orc
  7997 | D:7      | Found a bloodstained altar of Trog.
  8253 | D:7      | Identified the +8 plate armour of the Skies Above {-Cast
                  | Harm rC++}
  8643 | D:7      | Learned a level 3 spell: Inner Flame
  8648 | D:7      | Learned a level 4 spell: Sticky Flame
  8656 | D:8      | Reached skill level 5 in Translocations
  8667 | D:8      | Noticed Psyche
  8685 | D:8      | Killed Psyche
  8686 | D:8      | Reached skill level 5 in Dodging
  8829 | D:8      | Found Yfymymn's Antique Armour Shoppe.
  8834 | D:8      | Bought a runed robe for 81 gold pieces
  8865 | D:8      | Noticed an oklob plant
  9029 | D:8      | Found a sand-covered staircase.
  9035 | Ossuary  | Entered an ossuary
  9064 | Ossuary  | Identified a scroll of acquirement
  9064 | Ossuary  | Acquired the +3 buckler "Nuoreas" {+Inv Regen+ Str-3 Int+6}
  9805 | Ossuary  | Noticed Menkaure
  9808 | Ossuary  | Killed Menkaure
  9809 | Ossuary  | Reached skill level 1 in Shields
  9976 | D:8      | Found a broken altar of Ashenzari.
  9976 | D:8      | Found a shadowy altar of Dithmenos.
  9979 | D:8      | Found a shimmering blue altar of Sif Muna.
  9984 | D:8      | Found a glowing golden altar of the Shining One.
  9985 | D:8      | Found a snail-covered altar of Cheibriados.
  9991 | D:8      | Found a hide-covered altar of Uskayaw.
  9992 | D:8      | Found a stormy altar of Qazlal.
  9994 | D:8      | Found a blossoming altar of Fedhas.
  9997 | D:8      | Found a burning altar of Makhleb.
  9998 | D:8      | Found a white marble altar of Elyvilon.
 10217 | D:8      | Found Baggoem's Magic Scroll Boutique.
 10220 | D:8      | Paralysed by a floating eye for 2 turns
 10250 | D:8      | Noticed an oklob plant
 10475 | D:8      | Killed an oklob plant
 10517 | D:8      | Noticed an oklob plant
 10572 | D:8      | Became a worshipper of Ashenzari the Shackled
 10616 | D:8      | Found a staircase to the Lair.
 10685 | D:8      | Found Bumad's Magic Scroll Boutique.
 10944 | D:8      | Killed an oklob plant
 11050 | D:8      | Killed an oklob plant
 11429 | D:9      | Found a transporter.
 11454 | D:9      | Noticed Maggie
 11464 | D:9      | Killed Maggie
 11604 | D:9      | Found a transporter.
 11606 | D:9      | Found a transporter.
 11641 | D:9      | Found a transporter.
 12078 | D:9      | Found a radiant altar of Vehumet.
 12223 | D:8      | Bought a scroll of blinking for 112 gold pieces
 12241 | D:10     | Entered Level 10 of the Dungeon
 12242 | D:10     | Noticed Erolcha
 12254 | D:10     | Killed Erolcha
 12408 | D:10     | Acquired a staff of conjuration
 12416 | D:10     | Acquired the +2 shield of Resistance {rF++ rC++ Will++}
 12416 | D:10     | Found the +2 shield of Resistance {rF++ rC++ Will++}
 12561 | D:10     | Noticed a two-headed ogre
 12602 | D:10     | Killed a two-headed ogre
 13160 | D:10     | Reached XP level 12. HP: 18/78 MP: 6/27
 13543 | D:10     | Found Xonascho's Jewellery Shoppe.
 13909 | D:10     | Reached skill level 5 in Shields
 14552 | D:11     | Found a white marble altar of Elyvilon.
 14760 | D:11     | Found a staircase to the Orcish Mines.
 15421 | D:11     | Noticed Gastronok
 15440 | D:11     | Killed Gastronok
 15552 | D:11     | Identified the +9 quarterstaff of Uvacor {flame, rF++
                  | Stlth+}
 16033 | D:10     | Bought an amulet of magic regeneration for 330 gold pieces
 16165 | Orc:1    | Entered Level 1 of the Orcish Mines
 17024 | Orc:2    | Entered Level 2 of the Orcish Mines
 17025 | Orc:2    | Noticed Snorg
 17036 | Orc:2    | Killed Snorg
 17075 | Orc:2    | Noticed an ettin
 17081 | Orc:2    | Killed an ettin
 17082 | Orc:2    | Reached XP level 13. HP: 74/83 MP: 27/29
 17089 | Orc:2    | Reached skill level 10 in Spellcasting
 17748 | Orc:2    | Reached skill level 11 in Spellcasting
 17840 | Orc:2    | Found a staircase to the Elven Halls.
 18035 | Orc:2    | Reached skill level 12 in Spellcasting
 18106 | Orc:2    | Noticed an orc warlord
 18126 | Orc:2    | Killed an orc warlord
 18272 | Orc:2    | Reached skill level 13 in Spellcasting
 18532 | Orc:2    | Reached skill level 14 in Spellcasting
 18751 | Orc:2    | Found Oqanwibor's Antique Armour Boutique.
 18752 | Orc:2    | Found Enlohofang's Antique Weapon Shop.
 18755 | Orc:2    | Found Hicui's General Store.
 18755 | Orc:2    | Found Niru's Jewellery Boutique.
 18826 | Orc:2    | Bought a glowing robe for 125 gold pieces
 18940 | Lair:1   | Entered Level 1 of the Lair of Beasts
 20140 | Lair:1   | Noticed Nergalle
 20146 | Lair:1   | Killed Nergalle
 20444 | Lair:3   | Reached skill level 10 in Conjurations
 20789 | Lair:3   | Reached skill level 10 in Hexes
 20865 | Lair:4   | Noticed Sonja
 20878 | Lair:4   | Killed Sonja
 20879 | Lair:4   | Reached XP level 14. HP: 65/88 MP: 35/35
 20888 | Lair:4   | Slain by a black mamba

Illustrated notes

Levels and vault maps discovered:
D:1:      minmay_arrival_widening_spiral_wide, layout_basic
D:2:      layout_loops_ring, kennysheep_nondescript, uniq_natasha
D:3:      layout_basic, hangedman_decor_lopped, kennysheep_generic_room_9
D:4:      layout_basic, regret_index_temple_of_mockery,
          minmay_temple_entry_junction_2, serial_shops, nicolae_shop_stone
D:5:      layout_layer_cave, gammafunk_ghost_split, minmay_hedge_maze,
          uniq_edmund, uniq_eustachio, uniq_grinder
D:6:      layout_basic, hangedman_abyss_or_decor_stagger,
          minmay_misc_feat_roman, uniq_blork_the_orc
D:7:      layout_loops_ring, lemuel_coloured_pillars_altar
D:8:      layout_basic, nicolae_overflow_hallway_of_the_gods,
          grunt_lair_entry_orc_guard_hut, nicolae_ossuary_entry_plus,
          serial_shops, nicolae_take_the_stairs, shop,
          nicolae_shop_advertising_works [nicolae_subvault_shop_adworks],
          fungi_pond_lemuel, disabler_island, uniq_psyche
D:9:      layout_rooms, nicolae_vehumet_altar_sigil, nicolae_transporter_circle,
          uniq_maggie
D:10:     layout_stronghold, serial_shops, nicolae_shop_stone, uniq_erolcha
D:11:     layout_basic, zombieorc2_lemuel, elyvilon_altar_5, uniq_gastronok
Temple:   nicolae_temple_superstar
Lair:1:   layout_concentric_octagons, st_stairs_13, infiniplex_staircase_pool_2,
          uniq_nergalle
Lair:2:   layout_cave_pods, elwin_shoals_entry_stream,
          minmay_snake_entry_guardpost_small, chequers_serial_rivers_micro_d,
          serial_bayou_shore_b
Lair:3:   layout_regular_city, gammafunk_ghost_hive, roderic_carrion_pond
Lair:4:   layout_hall_layers, uniq_sonja
Orc:1:    layout_caves, basic_altar
Orc:2:    st_orc_congregation, layout_diamond_mine, rock_pile, uniq_snorg

Skill      XL: |  1  2  3  4  5  6  7  8  9 10 11 12 13 |
---------------+----------------------------------------+-----
Conjurations   | 5 6 7 8 9 10 | 10.3
Spellcasting   | 4 5 6 8 9 14 | 14.6
Hexes          | 4 6 7 10 | 10.0
Fire Magic     | 1 4 6 7 8 |  8.4
Translocations | 3 4 5 |  5.0
Fighting       | 9 10 | 10.0
Dodging        | 4 8 |  8.0
Shields        | 4 9 |  9.5
Stealth        | |  2.4

Action                   |  1- 3 |  4- 6 |  7- 9 | 10-12 | 13-15 || total
-------------------------+-------+-------+-------+-------+-------++-------
Melee: Dagger            |       |       |     3 |    12 |       ||    15
       Staff             |       |       |       |    10 |    14 ||    24
 Cast: Magic Dart        |    61 |    48 |    31 |   118 |    24 ||   282
       Searing Ray       |     7 |    31 |    11 |    68 |    37 ||   154
       Fulminant Prism   |       |     2 |    21 |   154 |    95 ||   272
       Blink             |       |       |       |     1 |     1 ||     2
       Sticky Flame      |       |       |       |     1 |       ||     1
Invok: Curse Item        |       |       |       |     1 |       ||     1
  Use: Potion            |       |       |     1 |     2 |     1 ||     4
       Scroll            |       |       |       |     8 |       ||     8
Armor: Robe              |     1 |     2 |       |    21 |    24 ||    48
Dodge: Dodged            |    12 |     3 |    12 |    98 |    65 ||   190
Block: Buckler           |       |       |       |    16 |       ||    16
       Kite shield       |       |       |       |    63 |   125 ||   188
